[Event "44th Chess Olympiad Open 2022"]
[Site "Chennai"]
[Date "2022.07.30"]
[Round "2.65"]
[White "Karelina, Polina"]
[Black "Liyanage, Ranindu Dilshan"]
[Result "0-1"]
[ECO "C00"]
[WhiteElo "1835"]
[BlackElo "2286"]
[Annotator "TA"]
[PlyCount "54"]
[EventDate "2022.07.29"]
[EventType "team-tourn"]
[EventCountry "IND"]
[SourceTitle "playchess.com"]
[Source "ChessBase"]
[SourceQuality "1"]
[WhiteTeam "Bahamas"]
[BlackTeam "Sri Lanka"]
[WhiteTeamCountry "BAH"]
[BlackTeamCountry "SRI"]
[TimeControl "40/5400+30:1800+30"]

1. e4 e6 2. d3 d5 3. Nd2 c5 4. g3 Nc6 5. Bg2 g6 6. f4 Bg7 {[%emt 0:01:14] C00: French: Unusual White 2nd moves.} 7. c3 Nge7 8. Ngf3 b6 {[%emt 0:02:21] The position is equal.} 9. O-O Ba6 10. Ne1 Qd7 11. Rf2 O-O 12. Qa4 Bb7 13. Ndf3 a5 14. c4 Rad8 15. Be3 dxe4 16. dxe4 e5 (16... Nb4 $5 17. Qxd7 Rxd7 $15) 17. Rd2 Qc7 18. Rad1 Nd4 19. Nxe5 Bxe5 20. fxe5 Nec6 $1 (20... Qxe5 21. Nd3 Qg7 22. Nf4 $14) 21. Bf4 (21. Bxd4 $11 Rxd4 22. Rxd4 Nxd4 23. Nd3) 21... Nxe5 $17 {[%emt 0:07:40] Black is more active. Pair of Knights!} 22. Nc2 $2 {[%emt 0:05:53][%mdl 8192] [#]} (22. Kh1 $17) 22... Bc6 $19 23. Bxe5 Qxe5 (23... Bxa4 $2 24. Bxc7 Bxc2 25. Rxc2 $18 (25. Bxb6 $2 Bxd1 26. Kf2 Bg4 $19)) 24. Qa3 Nxc2 25. Qb3 {[%emt 0:00:38] [#]} Rd6 $146 ({Predecessor:} 25... Rxd2 26. Rxd2 Nd4 27. Qxb6 Bxe4 28. Qxa5 Ra8 29. Qc3 Bxg2 30. Kxg2 Qe4+ 31. Kf2 Ra6 {0-1 (31) Karelina,P (1835)-Liyanage,R (2286) Chennai 2022}) 26. Rd3 (26. Rxd6 $18 Bxe4 27. Bxe4 (27. Rxb6 a4 $17) (27. Qxb6 Bxg2 28. Rd8 Kg7 $17) 27... Qxe4 28. Qd3 (28. Rxb6 $2 Ne3 $19) 28... Qe3+ 29. Kf1 Qxd3+ 30. R1xd3) 26... Rxd3 27. Rd2 Rxd2 {[%emt 0:00:07] Weighted Error Value: White=0.99/Black=0.61} 0-1

[Event "44th Chess Olympiad Open 2022"]
[Site "Chennai"]
[Date "2022.07.30"]
[Round "2.66"]
[White "Oatlhotse, Providence"]
[Black "Mlawa, Hemed"]
[Result "1-0"]
[ECO "A07"]
[WhiteElo "2204"]
[BlackElo "1896"]
[Annotator "TA"]
[PlyCount "53"]
[EventDate "2022.07.29"]
[EventType "team-tourn"]
[EventCountry "IND"]
[SourceTitle "playchess.com"]
[Source "ChessBase"]
[SourceQuality "1"]
[WhiteTeam "Botswana"]
[BlackTeam "Tanzania"]
[WhiteTeamCountry "BOT"]
[BlackTeamCountry "TAN"]
[TimeControl "40/5400+30:1800+30"]

1. Nf3 d5 2. g3 Bf5 3. Bg2 e6 4. c4 c6 5. Qb3 Qb6 6. d3 {[%emt 0:00:02] A07: Réti Opening: New York and Capablanca Systems.} Nd7 7. O-O Ngf6 8. Nc3 {[%emt 0:01:19] The position is equal.} h6 9. cxd5 {[%emt 0:06:49] is the legacy move (9.Be3).} Qxb3 10. axb3 {[%emt 0:00:04] [#] Threatens to win with dxc6.} exd5 11. e4 dxe4 12. dxe4 Be6 13. Nd4 Nc5 {[%emt 0:05:44] [#]} (13... a6 $11) 14. e5 $146 ({Predecessor:} 14. b4 Nb3 15. Nxe6 fxe6 16. Ra4 a5 17. e5 Nd5 18. Nxd5 cxd5 19. Bh3 Bxb4 20. Bxe6 {½-½ (51) Kuemin,S (2382)-Ollenberger,R (2222) Switzerland 2014}) 14... Nd5 15. Nxd5 ({Much weaker is} 15. Nxe6 $6 fxe6 16. Nxd5 exd5 $11) 15... cxd5 {[%emt 0:00:27] [#]} (15... Bxd5 $142 16. Bxd5 cxd5) 16. Be3 $1 {[%emt 0:03:15] White is more active.} a6 (16... Na6 {might work better.} 17. Rfc1 Rc8 18. Rxc8+ Bxc8) 17. f4 {[%emt 0:01:56] aiming for f5.} g6 18. Rfc1 Nd3 (18... Rd8 $142 19. Nxe6 Nxe6) 19. Rc3 Nb4 20. Rc7 b5 $2 (20... Rb8 21. Nxe6 fxe6) 21. Nxb5 {[%emt 0:03:01][%cal Bd4b5,Bb5c7,Bc7d5,Bd5f6][%mdl 32] Hoping for Rb7.} Rc8 $2 (21... Kd8) 22. Rxc8+ $18 Bxc8 23. Nc7+ Kd8 24. Nxd5 Nc2 (24... Nxd5 $142 25. Bxd5 Ke8 26. Bc6+ Bd7) 25. Bb6+ Kd7 26. Rc1 Nb4 27. Nf6+ {[%emt 0:00:17] Weighted Error Value: White=0.18 (very precise) /Black=0.80} 1-0

[Event "44th Chess Olympiad Open 2022"]
[Site "Chennai"]
[Date "2022.07.30"]
[Round "2.66"]
[White "Oratile, Kgotlane"]
[Black "Charles, Cleophas"]
[Result "1-0"]
[ECO "C44"]
[WhiteElo "2024"]
[BlackElo "1593"]
[Annotator "TA"]
[PlyCount "57"]
[EventDate "2022.07.29"]
[EventType "team-tourn"]
[EventCountry "IND"]
[SourceTitle "playchess.com"]
[Source "ChessBase"]
[SourceQuality "1"]
[WhiteTeam "Botswana"]
[BlackTeam "Tanzania"]
[WhiteTeamCountry "BOT"]
[BlackTeamCountry "TAN"]
[TimeControl "40/5400+30:1800+30"]

1. e4 e5 2. Nf3 Nc6 3. d3 Bc5 4. Nxe5 Bxf2+ 5. Kxf2 Nxe5 6. d4 {[%emt 0:01:07] C44: Ponziani Opening and Scotch Gambit.} Qf6+ 7. Kg1 Ng4 {[%emt 0:01:20][%csl Gg4][%cal Rf6f2] [#]} 8. Qd2 {[%emt 0:00:07] [#] Against Qf2+. White is better.} d6 $146 ({Predecessor:} 8... Ne7 9. h3 Nh6 10. Nc3 a6 11. Qf4 Qxf4 12. Bxf4 d6 13. Bd3 Bd7 14. Kh2 Nhg8 {1-0 (38) Dimanoudis,A (2028)-Slavin,P (2065) ICCF email 2010}) 9. h3 N4h6 10. Nc3 Bd7 11. Be2 Ne7 12. Kh2 O-O 13. Rf1 Qg6 14. Rf3 {[%emt 0:05:40] Hoping for Rg3.} Kh8 15. Qf4 f6 16. Qh4 Neg8 17. Be3 Qe8 18. Raf1 {[%emt 0:00:36] White is more active.} c5 19. Nd5 {[%emt 0:04:36] Bxh6 is the strong threat.} Rc8 $2 {[%emt 0:03:18] A mistake that costs the game.} (19... Bc6 $16 {was necessary.}) 20. Bxh6 $18 Nxh6 {[%emt 0:05:09] [#]} 21. Nxf6 $1 gxf6 (21... Qe6 22. Nxh7) 22. Qxh6 cxd4 $2 (22... f5 23. Qxd6 Rd8) 23. Bd3 ({Not} 23. Rg3 Qe7 $16) (23. Rxf6 $142 Qe5+ 24. Kg1 Rxf6 25. Rxf6) 23... Qe5+ 24. Kh1 f5 25. Qh4 Rf6 26. exf5 {[%emt 0:00:34] Black must now prevent Re1.} Rg8 27. Re1 Qa5 (27... Rh6 $18) 28. Qxf6+ Rg7 29. Re7 {[%emt 0:00:11] Weighted Error Value: White=0.22 (precise) /Black=0.72} 1-0

[Event "44th Chess Olympiad Open 2022"]
[Site "Chennai"]
[Date "2022.07.30"]
[Round "2.66"]
[White "Njau, Albert"]
[Black "Rongwane, Gomolemo"]
[Result "0-1"]
[ECO "E19"]
[WhiteElo "1842"]
[BlackElo "2033"]
[Annotator "TA"]
[PlyCount "52"]
[EventDate "2022.07.29"]
[EventType "team-tourn"]
[EventCountry "IND"]
[SourceTitle "playchess.com"]
[Source "ChessBase"]
[SourceQuality "1"]
[WhiteTeam "Tanzania"]
[BlackTeam "Botswana"]
[WhiteTeamCountry "TAN"]
[BlackTeamCountry "BOT"]
[TimeControl "40/5400+30:1800+30"]

1. d4 Nf6 2. Nf3 e6 3. g3 b6 4. Bg2 Bb7 5. c4 Be7 6. O-O O-O 7. Nc3 Ne4 8. Qc2 Nxc3 9. Qxc3 f5 10. Rd1 Bf6 11. b3 {[%emt 0:06:12] E19: Queen's Indian: Old Main Line with 7...Ne4 8 Qc2 Nxc3 8 Qxc3.} c5 12. e3 {[%emt 0:01:06] [#]} Qe8 $146 {[%emt 0:02:32] [#] aiming for ...Qh5.} ({Predecessor:} 12... Be4 13. Bb2 Nc6 14. Qd2 Qe7 15. dxc5 Bxb2 16. Qxb2 Qxc5 17. Rxd7 Rf7 18. Rad1 Bxf3 19. Bxf3 {0-1 (45) Karthik,D (1467)-Modi,E (1786) Chess.com INT 2020}) 13. Bb2 {[%emt 0:03:20] White is slightly better.} Qh5 14. Ne1 Bxg2 15. Kxg2 Nc6 16. Qd2 f4 17. exf4 {[%emt 0:02:33] And now dxc5 would win.} Nxd4 18. Rab1 d6 19. Qd3 Rae8 20. b4 (20. Bxd4 $11 Bxd4 21. Nf3) 20... e5 $17 21. fxe5 Bxe5 {[%emt 0:02:26][%cal Of8f2] ( -> ...Rxf2+!)} 22. Rd2 g5 {[%emt 0:04:33] 0x0.0024d7bce353dp-1022s more active pieces.} (22... Ne6 $17) 23. h3 g4 (23... Qf7 $15) 24. hxg4 $11 Qxg4 25. Bxd4 Bxd4 26. Nf3 $2 {[%emt 0:00:33][%mdl 8192] [#]} (26. Nc2 $11) 26... Re3 $3 {[%emt 0:00:48][%mdl 512] Weighted Error Value: White=0.49/Black=0.18 (very precise)} 0-1

[Event "44th Chess Olympiad Open 2022"]
[Site "Chennai"]
[Date "2022.07.30"]
[Round "2.66"]
[White "Mdoe, Yusuf"]
[Black "Monnaatsheko, Keletshabile"]
[Result "0-1"]
[ECO "C01"]
[WhiteElo "1722"]
[BlackElo "2014"]
[Annotator "TA"]
[PlyCount "72"]
[EventDate "2022.07.29"]
[EventType "team-tourn"]
[EventCountry "IND"]
[SourceTitle "playchess.com"]
[Source "ChessBase"]
[SourceQuality "1"]
[WhiteTeam "Tanzania"]
[BlackTeam "Botswana"]
[WhiteTeamCountry "TAN"]
[BlackTeamCountry "BOT"]
[TimeControl "40/5400+30:1800+30"]

1. e4 e6 2. Nf3 d5 3. exd5 exd5 4. d4 Nc6 5. Bb5 Bd6 6. Bg5 {[%emt 0:02:44] C01: French: Exchange Variation.} f6 7. Bh4 Nge7 8. Nc3 {[%emt 0:03:39] The position is equal.} Bg4 9. h3 Bh5 {[%emt 0:00:54] [#]} 10. Bg3 $146 ({Predecessor:} 10. Qd3 Qd7 11. O-O-O O-O-O 12. Kb1 Bg6 13. Qd2 Nf5 14. Nxd5 a6 15. Ba4 Nxh4 16. Nxh4 {0-1 (55) Bidault,R-Lavanant,A (1955) Europe Echecs INT 2022}) 10... Bxg3 (10... a6 {keeps more tension.} 11. Bxc6+ Nxc6 12. Bxd6 Qxd6 13. Qe2+ Kd7) 11. fxg3 Qd6 12. Bxc6+ bxc6 (12... Nxc6 {is interesting.} 13. Qe2+ Kd7 14. O-O-O Rae8) 13. Ne2 (13. O-O $11) 13... Qb4+ 14. Qd2 Qxb2 15. Kf2 Bg6 (15... Rb8 {is more complex.} 16. Nf4 Bxf3 17. Rab1 Qxb1 18. Rxb1 Rxb1 19. gxf3 Kf7) 16. Rhc1 O-O 17. a4 Qb8 {[%emt 0:01:40] Black is more active.} 18. Nf4 Bf7 19. Rab1 Qc8 (19... Qd8 $17) 20. g4 $11 {[%emt 0:01:18] Against Nf5} Qa6 (20... Qd8 $15) 21. Nd3 Rfb8 22. Nc5 Qc8 23. a5 {[%emt 0:04:52][%mdl 1024] White has compensation.} Rb5 24. a6 Rab8 25. Nb7 {[%emt 0:00:54] Pair of Knights!} Rb6 26. Qa5 (26. Ra1 $11) 26... Qf8 (26... h5 {with more complications.} 27. gxh5 Bxh5 28. Qa3 Qd7) 27. Rxb6 axb6 28. Qc3 Ra8 29. Ra1 Qc8 30. Ne1 (30. Qe3 $15 {might be stronger.} Ng6 31. Kg3) 30... h5 $17 31. gxh5 Bxh5 32. g4 {[%emt 0:00:58] Against Qf5+} Bg6 ({Not} 32... Bxg4 33. hxg4 Qxg4 34. Qd3 $11) 33. Nd3 Bxd3 ({Black should try} 33... Qd7 $17 34. Kg1 Nc8) 34. Qxd3 $15 {[%emt 0:00:21] [#]} Qd7 (34... Kf7 $1 $17) 35. Re1 Kf7 36. Re3 {[%emt 0:08:37] [#]} (36. Kg3 $15) 36... Ng6 $1 {[%emt 0:00:45] Weighted Error Value: White=0.21 (precise) /Black=0.14 (very precise)} 0-1

[Event "44th Chess Olympiad Open 2022"]
[Site "Chennai"]
[Date "2022.07.30"]
[Round "2.67"]
[White "Gavarrete, Joel"]
[Black "Dabuae, Thubalkain"]
[Result "1-0"]
[ECO "C45"]
[WhiteElo "2035"]
[BlackElo "1941"]
[Annotator "TA"]
[PlyCount "59"]
[EventDate "2022.07.29"]
[EventType "team-tourn"]
[EventCountry "IND"]
[SourceTitle "playchess.com"]
[Source "ChessBase"]
[SourceQuality "1"]
[WhiteTeam "Honduras"]
[BlackTeam "NRU"]
[WhiteTeamCountry "HON"]
[TimeControl "40/5400+30:1800+30"]

1. e4 Nc6 2. d4 e5 3. Nf3 exd4 4. Nxd4 Nxd4 5. Qxd4 d6 6. Nc3 Nf6 7. Bf4 Be7 8. Be2 {[%emt 0:04:20] C45: Scotch Game.} O-O 9. O-O-O c5 (9... Re8 $14) 10. Qd2 {[%emt 0:01:00] [#] White is much more active. The black rooks are badly placed. White is clearly better.} Ne8 $146 {[%emt 0:09:10] [#]} (10... Qa5 $16 11. Kb1 (11. Bxd6 Bxd6 12. Qxd6 Be6 $16) 11... Re8) ({Predecessor:} 10... Re8 11. f3 Qa5 12. Kb1 Be6 13. b3 Nh5 14. Be3 Bf6 15. Nb5 Qxd2 16. Rxd2 Red8 {1-0 (54) Virkamaki,L-Matomaki,K Finland 1998}) 11. Nd5 (11. e5 $1 $18 ) 11... Be6 $16 12. Nxe7+ (12. Kb1 {is more complex.} Bxd5 13. Qxd5 Nf6 14. Qd3) 12... Qxe7 13. Bxd6 Nxd6 14. Qxd6 Qg5+ 15. Qd2 Qxg2 16. Qe3 {[%emt 0:00:28] And now Rdg1 would win.} b6 $2 (16... Qh3 $16) 17. h4 $2 (17. Rdg1 $18 {is the precise move to win.} Qxh1 18. Rxh1) 17... Qg6 18. Rdg1 Qf6 19. f4 Rfe8 (19... Bxa2 $2 20. e5 Qe7 21. b3 $16 (21. Qg3 f6 $16)) (19... Kh8 $14) 20. e5 Qe7 21. Bb5 ({Reject} 21. Qg3 f6 $11) 21... Bd7 {[%emt 0:01:14][%mdl 8192] [#]} ({Black should try} 21... Rf8 $1 $14) 22. Qg3 $1 $18 g6 23. Bd3 $40 {[%emt 0:06:32][%mdl 128] White is out for blood.} ({Better is} 23. Bxd7 $18 Qxd7 24. h5) 23... b5 $2 (23... Kh8 $16 24. h5 g5) 24. h5 g5 25. Qxg5+ Qxg5 26. Rxg5+ Kh8 27. Rhg1 {[%emt 0:00:38] Threatening mate with Rg7.} Rg8 {[%emt 0:01:07] Prevents Rg7.} 28. h6 {[%emt 0:00:41] Rg7 is the strong threat.} c4 (28... Rg6 $142 29. Bxg6 hxg6) 29. Be4 Raf8 (29... Rxg5 $18 30. Rxg5 Rg8 31. Rxg8+ Kxg8) 30. Rg7 {[%emt 0:00:21] Weighted Error Value: White=0.57/Black=1.09} 1-0

[Event "44th Chess Olympiad Open 2022"]
[Site "Chennai"]
[Date "2022.07.30"]
[Round "2.67"]
[White "Depaune, Ricko"]
[Black "Chinchilla, Alejandro Jose"]
[Result "0-1"]
[ECO "B29"]
[WhiteElo "1726"]
[BlackElo "2166"]
[Annotator "TA"]
[PlyCount "72"]
[EventDate "2022.07.29"]
[EventType "team-tourn"]
[EventCountry "IND"]
[SourceTitle "playchess.com"]
[Source "ChessBase"]
[SourceQuality "1"]
[WhiteTeam "NRU"]
[BlackTeam "Honduras"]
[BlackTeamCountry "HON"]
[TimeControl "40/5400+30:1800+30"]

1. e4 c5 2. d4 cxd4 3. Nf3 Nf6 4. e5 Nd5 5. Qxd4 e6 6. Qd1 {[%emt 0:03:08] B29: Sicilian: 2 Nf3 Nf6 (Nimzowitsch Variation).} Nc6 7. Bc4 (7. a3 $14) 7... Nde7 {[%emt 0:29:53] [#]} (7... d6 $142) 8. Nc3 $146 {[%emt 0:00:48] White has an edge.} ({Predecessor:} 8. O-O Ng6 9. Re1 a6 10. Nc3 Qc7 11. Qe2 Ncxe5 12. Nxe5 Nxe5 13. Bxe6 dxe6 14. Qxe5 Qxe5 15. Rxe5 {1-0 (40) Gontcharov,S (1864)-Sixtus,G (1869) Chess.com INT 2021}) 8... Ng6 9. Qe2 a6 10. a3 (10. Bd3 $11 {keeps the balance.}) 10... Qc7 11. O-O Ncxe5 12. Nxe5 Qxe5 13. f4 {[%emt 0:03:51] White is on the road to losing.} (13. Be3 $15) 13... Qxe2 $17 14. Bxe2 Bc5+ 15. Kh1 f5 16. Bh5 b5 17. b4 (17. Nd1 $17) 17... Bd4 $19 18. Bb2 Bb7 19. Rad1 Bf6 20. h3 (20. Bf3 {keeps fighting.} Bxf3 21. Rxf3) 20... Ke7 21. Bf3 Bxf3 22. Rxf3 Rhc8 23. g3 Ra7 24. Re3 Kf7 25. Rd6 Nf8 26. Nd1 Rxc2 27. Bxf6 gxf6 ({Not} 27... Kxf6 $2 28. Kg1 $19) 28. Red3 a5 29. Rb6 axb4 30. axb4 Ra1 {[%emt 0:00:31] Strongly threatening ...d5.} 31. Rbd6 Rb1 {[%emt 0:00:38] Black is clearly winning.} 32. R6d4 d5 33. g4 Kg6 34. Rg3 Rc4 35. gxf5+ Kxf5 36. Rd2 Rxf4 {[%emt 0:00:39] Weighted Error Value: White=0.41/Black=0.09 (flawless)} 0-1

[Event "44th Chess Olympiad Open 2022"]
[Site "Chennai"]
[Date "2022.07.30"]
[Round "2.68"]
[White "Willem Blijstra"]
[Black "Ebosse Kingue Victor Patrick"]
[Result "0-1"]
[ECO "E73"]
[WhiteElo "2198"]
[BlackElo "2054"]
[Annotator "TA"]
[PlyCount "82"]
[EventDate "2022.07.29"]
[EventType "team-tourn"]
[EventCountry "IND"]
[SourceTitle "playchess.com"]
[Source "ChessBase"]
[SourceQuality "1"]
[WhiteTeam "Netherlands Antilles"]
[BlackTeam "CMR"]
[WhiteTeamCountry "AHO"]
[TimeControl "40/5400+30:1800+30"]

1. d4 Nf6 2. c4 g6 3. Nc3 Bg7 4. e4 d6 5. Be2 O-O 6. Bg5 h6 7. Be3 e5 8. d5 c6 9. g4 cxd5 {[%emt 0:04:03] E73: King's Indian: Averbakh Variation without 6...c5.} 10. cxd5 b5 {[%emt 0:02:10] Strongly threatening ...b4.} 11. a3 {[%emt 0:04:12] [#]} Na6 $146 {[%emt 0:03:06] White is slightly better.} ({Predecessor:} 11... Nbd7 12. Bxb5 Rb8 13. f3 a6 14. Bc6 Nb6 15. Qd3 Bxg4 16. fxg4 Nxg4 17. Bd2 Nc4 18. Qxc4 {1-0 (28) Sibashvili,G (2381)-Eminov,O (2353) Marmaris 2019}) 12. b4 (12. h4 $5 ) 12... Nc7 13. f3 (13. h4 $16) 13... Bd7 14. Qd2 Kh7 15. h4 Ng8 (15... a5 $14) 16. Bd3 (16. h5 $16) 16... a5 $14 17. Rc1 axb4 18. axb4 Qb8 ({Black should try} 18... f5) 19. Nge2 $16 Bf6 (19... Rc8 $16 {keeps fighting.} 20. h5 Qb7) 20. g5 $18 Bd8 21. h5 Na6 22. hxg6+ $2 (22. Rb1 $18) 22... fxg6 $11 23. f4 $1 {[%emt 0:01:20] aiming for Rb1.} (23. gxh6 $2 Nxb4 24. f4 Nxd3+ 25. Qxd3 b4 $17) 23... Nxb4 24. Bb1 Na6 (24... Bb6 $14) 25. Ng3 (25. f5 $1 $16) 25... Kg7 $2 (25... exf4 $11 {and Black stays safe.} 26. Bxf4 b4) 26. gxh6+ $2 (26. f5 $18 Rf7 27. fxg6 Kxg6 28. Nf5 Bxg5 29. Rg1 (29. Qg2 Qd8 $16)) 26... Kh7 {[%emt 0:01:23] ...Nf6 is the strong threat.} 27. f5 {[%emt 0:00:31] And now fxg6+ would win.} Be8 28. Qf2 (28. Rg1 $14 b4 29. fxg6+ Bxg6 30. Nd1 (30. Nf5 $2 bxc3 31. Qxc3 Nc5 $19)) 28... Nf6 ({Black should play} 28... Ba5 $15) 29. Qf3 $2 (29. fxg6+ $14 {was forced to keep a grip.} Bxg6 30. Rg1) 29... Nc5 (29... b4 $142 30. Nd1 b3) 30. Kf2 $2 (30. fxg6+ $17 {is the only way for White.} Bxg6 31. Nf5) 30... Ra3 31. fxg6+ (31. Rhg1 $142 b4 32. Nce2) 31... Bxg6 $19 {[%emt 0:00:06] White must now prevent ...Ng4+.} 32. Nf5 {[%emt 0:00:09] [#]} Rxc3 $1 33. Rxc3 {[%emt 0:01:39] [#]} Nfxe4+ $1 34. Bxe4 (34. Kg2 Nxc3) 34... Nxe4+ 35. Qxe4 Rxf5+ 36. Qf3 Rxf3+ 37. Kxf3 Qb7 38. Rc6 Qf7+ {[%emt 0:00:17] Black mates.} 39. Ke2 Qxd5 40. Rhc1 Bd3+ 41. Ke1 Bc4 {[%emt 0:33:23] Weighted Error Value: White=1.27/Black=0.50} 0-1

[Event "44th Chess Olympiad Open 2022"]
[Site "Chennai"]
[Date "2022.07.30"]
[Round "2.68"]
[White "Rurik Capella"]
[Black "Zebaze Dongmo Loic Dylane"]
[Result "1-0"]
[ECO "C02"]
[WhiteElo "1952"]
[BlackElo "1837"]
[Annotator "TA"]
[PlyCount "61"]
[EventDate "2022.07.29"]
[EventType "team-tourn"]
[EventCountry "IND"]
[SourceTitle "playchess.com"]
[Source "ChessBase"]
[SourceQuality "1"]
[WhiteTeam "Netherlands Antilles"]
[BlackTeam "CMR"]
[WhiteTeamCountry "AHO"]
[TimeControl "40/5400+30:1800+30"]

1. e4 e6 2. d4 d5 3. e5 c5 4. c3 Nc6 5. Nf3 Nge7 6. Bd3 Ng6 7. h4 {[%emt 0:00:22][%cal Bh2h4,Bh4h5][%mdl 32] C02: French: Advance Variation.} cxd4 8. cxd4 Bb4+ 9. Nc3 {[%emt 0:00:29] White is better.} Bd7 (9... h6 $16) 10. h5 $18 Nge7 11. a3 (11. h6 $1 $18 {[%cal Rh6g7] is more deadly.} g6 12. a3) 11... Bxc3+ $16 12. bxc3 Na5 {[%emt 0:00:30] [#]} (12... h6 $16 {keeps fighting.}) 13. Ng5 $146 (13. h6 $1 $18 gxh6 14. Bxh6 (14. Rxh6 Qc7 $16)) ({Predecessor:} 13. h6 g6 14. Nh2 Qc7 15. Bg5 Qxc3+ 16. Kf1 Ng8 17. Ng4 Nb3 18. Rb1 Na5 19. Qf3 {1-0 (42) Viskelis,D (2245)-Kucinskas,V Vilnius 1995}) 13... h6 $11 14. Nh3 Rc8 $36 {[%emt 0:00:57][%mdl 2048] Black has the initiative.} 15. Bd2 Nc4 16. O-O Nb2 {[%emt 0:01:35] Pair of Knights!} 17. Qc2 Nxd3 18. Qxd3 a6 {[%emt 0:01:56] Threatens to win with ...Bb5.} 19. Qf3 Nc6 (19... Bb5 {feels stronger.} 20. Rfb1 Qd7) 20. Qg4 Kf8 21. Rfe1 Qb6 (21... Kg8 $11 {remains equal.}) 22. Rab1 $16 Qc7 {[%emt 0:00:28] [#]} 23. Re3 {[%emt 0:01:48] White is much more active.} (23. c4 $1 $16) 23... Ne7 $1 $14 24. Rf3 Bb5 $2 {[%emt 0:00:56][%mdl 8192] This costs Black the game.} (24... Kg8 $11 {and Black has nothing to worry.}) 25. Qxe6 Ng8 $2 {[%emt 0:06:05] [#]} (25... Be8 26. Qg4 Kg8) 26. Rxf7+ $3 $18 Qxf7 27. Qxc8+ Be8 28. Rxb7 Ne7 29. Qc5 (29. Qd8 $142 Kg8 30. Rxe7 Kh7 31. Rxf7 Bxf7 32. Qd6 Bxh5 33. Nf4 Be8 34. e6) 29... Rg8 30. Nf4 g5 31. hxg6 {[%emt 0:02:40] Weighted Error Value: White=0.27 (precise) /Black=0.96} 1-0

[Event "44th Chess Olympiad Open 2022"]
[Site "Chennai"]
[Date "2022.07.30"]
[Round "2.68"]
[White "Amba Oyon Marius Claude"]
[Black "Ursus van Bemmelen"]
[Result "1/2-1/2"]
[ECO "B44"]
[WhiteElo "1938"]
[BlackElo "2145"]
[Annotator "TA"]
[PlyCount "116"]
[EventDate "2022.07.29"]
[EventType "team-tourn"]
[EventCountry "IND"]
[SourceTitle "playchess.com"]
[Source "ChessBase"]
[SourceQuality "1"]
[WhiteTeam "CMR"]
[BlackTeam "Netherlands Antilles"]
[BlackTeamCountry "AHO"]
[TimeControl "40/5400+30:1800+30"]

1. e4 c5 2. Nf3 e6 3. d4 cxd4 4. Nxd4 Nc6 5. Nb5 d6 6. Bf4 e5 7. Be3 Nf6 8. N5c3 {[%emt 0:02:41] B44: Sicilian: Taimanov: 5 Nb5.} Be6 9. Be2 Be7 10. O-O {[%emt 0:01:32] The position is equal.} O-O 11. f3 d5 12. exd5 Nxd5 13. Nxd5 Bxd5 {[%emt 0:06:43] [#]} 14. Nc3 $146 ({Predecessor:} 14. c3 Be6 15. Kh1 Qc7 16. Nd2 Rfd8 17. Qe1 Bf5 18. Qg3 Bd3 19. Rfe1 Bf8 20. f4 Bxe2 21. Rxe2 {1-0 (43) Palomo,F (2260)-Davy,D (2217) Caracas 2015}) 14... Be6 15. Ne4 Nd4 16. Bxd4 exd4 17. Bd3 f5 18. Nd2 Rc8 19. Kh1 g6 20. Qe2 Bf7 21. f4 Bf6 (21... Re8 $5 22. b3 Bh4 $17) 22. Nf3 Re8 23. Qf2 Re3 24. Ne5 (24. Rae1 $142) 24... Bxe5 $17 25. fxe5 Qe7 26. Qf4 (26. Bxf5 $2 gxf5 27. Qxf5 Be6 $19) 26... Qxe5 27. Qxe5 Rxe5 28. Rf4 Rd8 29. Kg1 Be6 30. h4 Kg7 31. Rd1 h6 (31... Bxa2 32. Ra1 Bf7 33. Rxa7 $15) 32. Rf2 g5 (32... Bxa2 33. b3 $11) 33. Rdf1 f4 ({Worse is} 33... gxh4 34. Rf4 $15) 34. g3 Bh3 ({Don't play} 34... fxg3 $6 35. Rf6 $11) ({Of course not} 34... Bxa2 35. gxf4 gxf4 36. Rxf4 $14) 35. gxf4 gxf4 36. Rc1 Rf8 37. Kh2 (37. Bc4 $142) 37... Re3 (37... Bg4 $1 $17 {White must now prevent ...Rh5.} 38. Rcf1 f3) 38. Rg1+ $11 Rg3 39. Rxg3+ fxg3+ 40. Kxg3 {[%emt 0:00:02] Threatens to win with Rxf8.} Rxf2 41. Kxf2 {[%emt 0:30:24][%mdl 4096] Endgame KB-KB} Kf6 42. Kg3 Be6 43. Kf4 Bd5 44. a3 b6 45. b4 Bc6 46. Be4 Bd7 47. Bf3 Bf5 48. Be4 Bd7 49. Bd5 Bf5 50. Bb3 Bg6 51. a4 $2 {[%emt 0:00:00][%mdl 8192] [#]} (51. Ba4 $11) 51... a5 $1 $19 52. bxa5 bxa5 53. Kg3 Bf5 (53... Ke5 $142 54. Kf3 Bf5) 54. Kf4 Bg6 (54... Bh7 55. Kf3 Ke5) 55. Kg3 $1 Bf5 $2 (55... Ke5 56. Kf3 Bf5) 56. Kf4 Bg6 (56... Bh7 57. Kf3 Ke5) 57. Kg3 $1 Bf5 $2 (57... Kf5 $19 {has better winning chances.} 58. Bc4 Ke5) 58. Kf4 $17 {[%emt 0:00:00] [#]} Bg6 $2 {[%emt 0:00:00] Weighted Error Value: White=0.36/Black=0.69} ({Black should play} 58... Bh7 $1 $17 59. Kf3 Ke5) 1/2-1/2